TOP OF THE 1ST |
Atlanta Braves batting - Pitching for San Diego Padres : RHP Brian Allard
|
Pitching: RHP Brian Allard
|
|
Batting: LHB Brett Butler
|
0-0: Called Strike 0-1: SINGLE (Line Drive, 8RS, EV 89.4 MPH)
|
Batting: SHB Tony Fernandez
|
0-0: Called Strike 0-1: Called Strike 0-2: Ball 1-2: Ball 2-2: Fly out, F8 (Flyball, 8LXD, EV 107.5 MPH)
|
Batting: LHB Leon Durham
|
0-0: Ball Brett Butler steals 2nd base 1-0: Called Strike 1-1: Foul Ball, location: 2F 1-2: Strikes out swinging
|
Batting: LHB Mike Hargrove
|
0-0: Called Strike 0-1: Foul Ball, location: 2F 0-2: Ball 1-2: Ball 2-2: Ball 3-2: Strikes out swinging
|
Top of the 1st over - 0 runs, 1 hit, 0 errors, 1 left on base; Atlanta 0 - San Diego 0 |
BOTTOM OF THE 1ST |
San Diego Padres batting - Pitching for Atlanta Braves : RHP Gary Serum
|
Pitching: RHP Gary Serum
|
|
Batting: RHB Bob Dernier
|
0-0: Ball 1-0: Called Strike 1-1: Ball 2-1: Bunted foul 2-2: Foul Ball, location: 2F 2-2: Fly out, F8 (Flyball, 89D, EV 104.4 MPH)
|
Batting: RHB Dennis Dungy
|
0-0: Swinging Strike 0-1: Foul Ball, location: 2F 0-2: Hit by Pitch
|
Batting: LHB Tom Dunbar
|
0-0: DOUBLE (Flyball, 78D, EV 99.4 MPH) Dennis Dungy to third Runner from 3rd tries for Home, SAFE, throw by CF to home
|
Batting: RHB Dave Edler
|
0-0: Swinging Strike 0-1: Ball 1-1: Called Strike 1-2: Ball 2-2: Strikes out swinging
|
Batting: LHB Darrell Porter
|
0-0: Ball Pickoff Throw to Second - Out!
|
Bottom of the 1st over - 1 run, 1 hit, 0 errors, 0 left on base; Atlanta 0 - San Diego 1 |
TOP OF THE 2ND |
Atlanta Braves batting - Pitching for San Diego Padres : RHP Brian Allard
|
Batting: LHB Mike Scioscia
|
0-0: Called Strike 0-1: Foul Ball, location: 2F 0-2: Strikes out looking
|
Batting: LHB Bobby Murcer
|
0-0: Ground out U3 (Groundball, 3D, EV 107.5 MPH)
|
Batting: LHB Joe L Morgan
|
0-0: Ball 1-0: Called Strike 1-1: Fly out, F7 (Flyball, 7LM, EV 90.0 MPH)
|
Top of the 2nd over - 0 runs, 0 hits, 0 errors, 0 left on base; Atlanta 0 - San Diego 1 |
BOTTOM OF THE 2ND |
San Diego Padres batting - Pitching for Atlanta Braves : RHP Gary Serum
|
Batting: LHB Darrell Porter
|
0-0: Called Strike 0-1: Ball 1-1: Ball 2-1: Called Strike 2-2: Foul Ball, location: 2F 2-2: SINGLE (Groundball, 6D, EV 99.4 MPH)
|
Batting: RHB Heriberto Soltero
|
0-0: Ground out 1-3 (Groundball, 15, EV 66.3 MPH) Darrell Porter to second
|
Batting: RHB Mike Calise
|
0-0: Called Strike 0-1: Ball 1-1: Fly out, F9 (Line Drive, 9, EV 103.1 MPH)
|
Batting: RHB Kelvin Moore
|
0-0: Intentional Walk
|
Batting: RHB Brian Allard
|
0-0: Ball 1-0: Called Strike 1-1: SINGLE (Line Drive, 8LS, EV 96.9 MPH) Darrell Porter to third Kelvin Moore to second Runner from 3rd tries for Home, SAFE, throw by CF to home
|
Batting: RHB Bob Dernier
|
0-0: Fly out, F8 (Flyball, 8LXD, EV 93.1 MPH)
|
Bottom of the 2nd over - 1 run, 2 hits, 0 errors, 2 left on base; Atlanta 0 - San Diego 2 |
TOP OF THE 3RD |
Atlanta Braves batting - Pitching for San Diego Padres : RHP Brian Allard
|
Batting: RHB Gil Flores
|
0-0: Called Strike 0-1: Ball 1-1: Swinging Strike 1-2: Ball 2-2: Ball 3-2: SINGLE (Groundball, 6D, EV 102.5 MPH)
|
Batting: RHB Gary Serum
|
0-0: Called Strike 0-1: Ball 1-1: Ball 2-1: Bunt - Flyout to 2R! F2
|
Batting: LHB Brett Butler
|
0-0: Called Strike 0-1: Swinging Strike Gil Flores steals 2nd base 0-2: Strikes out swinging
|
Batting: SHB Tony Fernandez
|
0-0: Ball 1-0: Swinging Strike 1-1: Ball 2-1: Foul Ball, location: 2F 2-2: Ground out 6-3 (Groundball, 6, EV 85.6 MPH)
|
Top of the 3rd over - 0 runs, 1 hit, 0 errors, 1 left on base; Atlanta 0 - San Diego 2 |
BOTTOM OF THE 3RD |
San Diego Padres batting - Pitching for Atlanta Braves : RHP Gary Serum
|
Batting: RHB Dennis Dungy
|
0-0: Called Strike 0-1: Fly out, F8 (Flyball, 78M, EV 82.5 MPH)
|
Batting: LHB Tom Dunbar
|
0-0: Ball 1-0: Foul Ball, location: 2F 1-1: Foul Ball, location: 2F 1-2: Fly out, F7 (Flyball, 78S, EV 75.6 MPH)
|
Batting: RHB Dave Edler
|
0-0: Called Strike 0-1: Called Strike 0-2: Foul Ball, location: 2F 0-2: Ball 1-2: SINGLE (Groundball, 4S, EV 68.1 MPH) (infield hit)
|
Batting: LHB Darrell Porter
|
0-0: Called Strike 0-1: Ball 1-1: Swinging Strike 1-2: Ball 2-2: DOUBLE (Flyball, 8LXD, EV 96.3 MPH) Dave Edler to third Runner from 3rd tries for Home, SAFE, throw by CF to home
|
Batting: RHB Heriberto Soltero
|
0-0: Swinging Strike 0-1: Ball 1-1: Ball 2-1: Ground out 5-3 (Groundball, 56S, EV 91.3 MPH)
|
Bottom of the 3rd over - 1 run, 2 hits, 0 errors, 1 left on base; Atlanta 0 - San Diego 3 |
TOP OF THE 4TH |
Atlanta Braves batting - Pitching for San Diego Padres : RHP Brian Allard
|
Batting: LHB Leon Durham
|
0-0: Foul Ball, location: 2F 0-1: Ball 1-1: Fly out, F8 (Line Drive, 8LD, EV 86.3 MPH)
|
Batting: LHB Mike Hargrove
|
0-0: Ball 1-0: Swinging Strike 1-1: Swinging Strike 1-2: SINGLE (Groundball, 3D, EV 95.6 MPH)
|
Batting: LHB Mike Scioscia
|
0-0: SINGLE (Groundball, 4MD, EV 106.9 MPH) Mike Hargrove to second Runner from 2nd tries for 3rd, SAFE, throw by CF made to third
|
Batting: LHB Bobby Murcer
|
0-0: Ball 1-0: Ball 2-0: Called Strike 2-1: Swinging Strike 2-2: Foul Ball, location: 2F 2-2: Foul Ball, location: 2F 2-2: SINGLE (Groundball, 4MD, EV 98.1 MPH) Mike Hargrove scores Mike Scioscia to second Runner from 2nd tries for 3rd, SAFE, no throw by CF
|
Batting: LHB Joe L Morgan
|
0-0: Called Strike 0-1: Foul Ball, location: 2F 0-2: Ball 1-2: Strikes out looking
|
Batting: RHB Gil Flores
|
0-0: Ball 1-0: Ball 2-0: Fielders Choice at 2nd, U4 (Groundball, 4M, EV 87.5 MPH)
|
Top of the 4th over - 1 run, 3 hits, 0 errors, 2 left on base; Atlanta 1 - San Diego 3 |
BOTTOM OF THE 4TH |
San Diego Padres batting - Pitching for Atlanta Braves : RHP Gary Serum
|
Batting: RHB Mike Calise
|
0-0: Called Strike 0-1: Ball 1-1: Swinging Strike 1-2: Ball 2-2: Strikes out swinging
|
Batting: RHB Kelvin Moore
|
0-0: Swinging Strike 0-1: Ball 1-1: Called Strike 1-2: Ball 2-2: SINGLE (Groundball, 56D, EV 98.1 MPH)
|
Batting: RHB Brian Allard
|
0-0: Bunted foul 0-1: Bunted foul 0-2: Sac Bunt to 5S - play at first, batter OUT! 5-4 Kelvin Moore to second
|
Batting: RHB Bob Dernier
|
0-0: Foul Ball, location: 2F 0-1: Ground out U3 (Groundball, 3, EV 78.8 MPH)
|
Bottom of the 4th over - 0 runs, 1 hit, 0 errors, 1 left on base; Atlanta 1 - San Diego 3 |
TOP OF THE 5TH |
Atlanta Braves batting - Pitching for San Diego Padres : RHP Brian Allard
|
Batting: RHB Gary Serum
|
0-0: Foul Ball, location: 2F 0-1: Swinging Strike 0-2: Strikes out swinging
|
Batting: LHB Brett Butler
|
0-0: Ball 1-0: Called Strike 1-1: Foul Ball, location: 2F 1-2: Ball 2-2: Ground out 4-3 (Groundball, 34, EV 76.3 MPH)
|
Batting: SHB Tony Fernandez
|
0-0: Ball 1-0: Swinging Strike 1-1: Ball 2-1: Ball 3-1: Called Strike 3-2: Strikes out swinging
|
Top of the 5th over - 0 runs, 0 hits, 0 errors, 0 left on base; Atlanta 1 - San Diego 3 |
BOTTOM OF THE 5TH |
San Diego Padres batting - Pitching for Atlanta Braves : RHP Gary Serum
|
Batting: RHB Dennis Dungy
|
0-0: Swinging Strike 0-1: Foul Ball, location: 2F 0-2: Ball 1-2: Foul Ball, location: 2F 1-2: Ground out 2-3 (Groundball, 2R, EV 66.9 MPH)
|
Batting: LHB Tom Dunbar
|
0-0: Ball 1-0: Swinging Strike 1-1: Called Strike 1-2: Strikes out swinging
|
Batting: RHB Dave Edler
|
0-0: Foul Ball, location: 2F 0-1: Fly out, F8 (Flyball, 8RM, EV 90.0 MPH)
|
Bottom of the 5th over - 0 runs, 0 hits, 0 errors, 0 left on base; Atlanta 1 - San Diego 3 |
TOP OF THE 6TH |
Atlanta Braves batting - Pitching for San Diego Padres : RHP Brian Allard
|
Batting: LHB Leon Durham
|
0-0: Ball 1-0: Ball 2-0: Foul Ball, location: 2F 2-1: Fly out, F7 (Flyball, 7LS, EV 78.1 MPH)
|
Batting: LHB Mike Hargrove
|
0-0: Ball 1-0: Ball 2-0: Ground out 3-1 (Groundball, 34, EV 80.0 MPH)
|
Batting: LHB Mike Scioscia
|
0-0: Called Strike 0-1: Foul Ball, location: 2F 0-2: Ball 1-2: Foul Ball, location: 2F 1-2: Ball 2-2: Foul Ball, location: 2F 2-2: Ball 3-2: SINGLE (Groundball, 3D, EV 96.9 MPH)
|
Batting: LHB Bobby Murcer
|
0-0: Called Strike 0-1: Swinging Strike 0-2: Ball 1-2: Strikes out swinging
|
Top of the 6th over - 0 runs, 1 hit, 0 errors, 1 left on base; Atlanta 1 - San Diego 3 |
BOTTOM OF THE 6TH |
San Diego Padres batting - Pitching for Atlanta Braves : RHP Gary Serum
|
Batting: LHB Darrell Porter
|
0-0: Ball 1-0: Called Strike 1-1: SINGLE (Groundball, 34D, EV 103.8 MPH)
|
Batting: RHB Heriberto Soltero
|
0-0: Ball 1-0: 2-RUN HOME RUN (Flyball, 7D, EV 101.3 MPH), Distance : 396 ft
|
Batting: RHB Mike Calise
|
0-0: Fly out, F8 (Flyball, 8RM, EV 82.5 MPH)
|
Batting: RHB Kelvin Moore
|
0-0: Called Strike 0-1: Ball 1-1: Foul Ball, location: 2F 1-2: SINGLE (Groundball, 25, EV 75.6 MPH) (infield hit)
|
Batting: RHB Brian Allard
|
0-0: Ball Kelvin Moore steals 2nd base 1-0: Ground out 5-3 (Groundball, 56S, EV 70.6 MPH) Kelvin Moore to third
|
Batting: RHB Bob Dernier
|
0-0: Ball 1-0: Fly out, F9 (Flyball, 9LM, EV 90.6 MPH)
|
Bottom of the 6th over - 2 runs, 3 hits, 0 errors, 1 left on base; Atlanta 1 - San Diego 5 |
TOP OF THE 7TH |
Atlanta Braves batting - Pitching for San Diego Padres : RHP Brian Allard
|
Batting: LHB Joe L Morgan
|
0-0: Ball 1-0: Swinging Strike 1-1: Ground out 4-3 (Groundball, 4, EV 81.3 MPH)
|
Batting: RHB Gil Flores
|
0-0: Foul Ball, location: 2F 0-1: Ball 1-1: Ground out 4-3 (Groundball, 4, EV 99.4 MPH)
|
Batting: RHB Gary Serum
|
0-0: Called Strike 0-1: Called Strike 0-2: Ball 1-2: Fly out, F9 (Flyball, 9LM, EV 94.4 MPH)
|
Top of the 7th over - 0 runs, 0 hits, 0 errors, 0 left on base; Atlanta 1 - San Diego 5 |
BOTTOM OF THE 7TH |
San Diego Padres batting - Pitching for Atlanta Braves : RHP Gary Serum
|
Batting: RHB Dennis Dungy
|
0-0: Ball 1-0: SINGLE (Groundball, 56D, EV 102.5 MPH)
|
Batting: LHB Tom Dunbar
|
0-0: Ball 1-0: Fielders Choice at 2nd, 4-6 (Groundball, 4, EV 107.5 MPH)
|
Batting: RHB Dave Edler
|
0-0: Foul Ball, location: 2F 0-1: Foul Ball, location: 2F 0-2: Strikes out looking
|
Batting: LHB Darrell Porter
|
0-0: Foul Ball, location: 2F 0-1: Foul Ball, location: 2F 0-2: Ball 1-2: Foul Ball, location: 2F 1-2: Ball Tom Dunbar is caught stealing 2nd base 2-6
|
Bottom of the 7th over - 0 runs, 1 hit, 0 errors, 0 left on base; Atlanta 1 - San Diego 5 |
TOP OF THE 8TH |
Atlanta Braves batting - Pitching for San Diego Padres : RHP Brian Allard
|
Batting: LHB Brett Butler
|
0-0: Called Strike 0-1: Ball 1-1: Swinging Strike 1-2: Ball 2-2: SOLO HOME RUN (Flyball, 89XD, EV 98.8 MPH), Distance : 404 ft
|
Batting: SHB Tony Fernandez
|
0-0: Ball 1-0: Ground out U3 (Groundball, 3, EV 90.0 MPH)
|
Batting: LHB Leon Durham
|
0-0: Ball 1-0: Ball 2-0: Fly out, F9 (Flyball, 89XD, EV 89.4 MPH)
|
Batting: LHB Mike Hargrove
|
0-0: Ball 1-0: Ball 2-0: Called Strike 2-1: Fly out, F8 (Line Drive, 8RM, EV 91.3 MPH)
|
Top of the 8th over - 1 run, 1 hit, 0 errors, 0 left on base; Atlanta 2 - San Diego 5 |
BOTTOM OF THE 8TH |
San Diego Padres batting - Pitching for Atlanta Braves : RHP Gary Serum
|
Batting: LHB Darrell Porter
|
0-0: Ball 1-0: Swinging Strike 1-1: Called Strike 1-2: Ball 2-2: Ball 3-2: Foul Ball, location: 2F 3-2: Fly out, F7 (Flyball, 7LS, EV 88.1 MPH)
|
Batting: RHB Heriberto Soltero
|
0-0: Ground out 6-3 (Groundball, 6, EV 102.5 MPH)
|
Batting: RHB Mike Calise
|
0-0: Called Strike 0-1: Called Strike 0-2: Foul Ball, location: 2F 0-2: Ground out 6-3 (Groundball, 6, EV 87.5 MPH)
|
Bottom of the 8th over - 0 runs, 0 hits, 0 errors, 0 left on base; Atlanta 2 - San Diego 5 |
TOP OF THE 9TH |
Atlanta Braves batting - Pitching for San Diego Padres : RHP Brian Allard
|
Batting: LHB Mike Scioscia
|
0-0: Ball 1-0: Ball 2-0: Ball 3-0: Called Strike 3-1: Base on Balls
|
Batting: LHB Bobby Murcer
|
0-0: Ball 1-0: Ball 2-0: Called Strike 2-1: Ball 3-1: Foul Ball, location: 2F 3-2: Ground out 1-3 (Groundball, 34S, EV 70.0 MPH) Mike Scioscia to second
|
Batting: LHB Joe L Morgan
|
0-0: Ball 1-0: Ball 2-0: Ball 3-0: Called Strike 3-1: Called Strike 3-2: Strikes out swinging
|
Pitching: RHP David Sandoval
|
|
Now at 1B: Chris Chambliss
|
|
Batting: RHB Gil Flores
|
0-0: Called Strike 0-1: Ball 1-1: Called Strike 1-2: Strikes out swinging
|
Top of the 9th over - 0 runs, 0 hits, 0 errors, 1 left on base; Atlanta 2 - San Diego 5 |
|